SAAA
KEY WEST CORAL REEFERS @ TREMONT DOUBLEDAYS
06/30/2033
 
TOP OF THE 1ST
Key West Coral Reefers batting - Pitching for Tremont Doubledays : RHP Juan Montoya
Pitching: RHP Juan Montoya
Batting: RHB Miguel Montoya 0-0: Ball
1-0: Ball
2-0: Called Strike
2-1: Ball
3-1: Swinging Strike
3-2: Foul Ball, location: 2F
3-2: SINGLE (Line Drive, 78S)
Batting: SHB Dave Atkins 0-0: Ball
Miguel Montoya steals 2nd base
1-0: Ball
2-0: Fly out, F8 (Line Drive, 8RM)
Batting: LHB Ricardo Collazo 0-0: Called Strike
0-1: Ball
Wild Pitch!
Miguel Montoya to third
1-1: Ground out 4-3 (Groundball, 4D)
Miguel Montoya scores
Batting: LHB John Hansen 0-0: Hit by Pitch
Batting: SHB Tom Dickinson 0-0: Ball
1-0: Swinging Strike
1-1: Foul Ball, location: 2F
1-2: Ball
2-2: Hit by Pitch
John Hansen to second
Batting: LHB Landon Harryman 0-0: Called Strike
0-1: Ball
1-1: Ball
2-1: Ball
3-1: Base on Balls
John Hansen to third
Tom Dickinson to second
Batting: RHB Juan Martínez 0-0: Ball
1-0: Ball
2-0: Ball
3-0: Called Strike
3-1: Base on Balls
John Hansen scores
Tom Dickinson to third
Landon Harryman to second
Batting: RHB Ed Lastinger 0-0: Ball
1-0: Ball
2-0: Foul Ball, location: 2F
2-1: Swinging Strike
2-2: Strikes out swinging
Top of the 1st over - 2 runs, 1 hit, 0 errors, 3 left on base; Key West 2 - Tremont 0
BOTTOM OF THE 1ST
Tremont Doubledays batting - Pitching for Key West Coral Reefers : RHP Manuel Sánchez
Pitching: RHP Manuel Sánchez
Batting: RHB Bryant Skelly 0-0: Called Strike
0-1: Ground out 5-3 (Groundball, 56)
Batting: RHB Menno van de Vlugt 0-0: Ball
1-0: Ball
2-0: Ground out 4-3 (Groundball, 4S)
Batting: RHB David Pérez 0-0: Ball
1-0: Foul Ball, location: 2F
1-1: Ball
2-1: Swinging Strike
2-2: Ball
3-2: Foul Ball, location: 2F
3-2: Base on Balls
Batting: LHB Cornelius Taitt 0-0: Foul Ball, location: 2F
0-1: Ball
1-1: Swinging Strike
1-2: Foul Ball, location: 2F
1-2: Ball
2-2: Foul Ball, location: 2F
2-2: Ball
3-2: Foul Ball, location: 2F
3-2: Strikes out swinging
Bottom of the 1st over - 0 runs, 0 hits, 0 errors, 1 left on base; Key West 2 - Tremont 0
TOP OF THE 2ND
Key West Coral Reefers batting - Pitching for Tremont Doubledays : RHP Juan Montoya
Batting: RHB Jason Alston 0-0: Ball
1-0: SINGLE (Line Drive, 56D)
Batting: RHB Miguel Montoya 0-0: Called Strike
0-1: Ball
1-1: Called Strike
1-2: Foul Ball, location: 2F
1-2: Fly out, F4 (Line Drive, 4)
Batting: SHB Dave Atkins 0-0: SINGLE (Groundball, 34D)
Jason Alston to second
Runner from 2nd tries for 3rd, SAFE, no throw
Batting: LHB Ricardo Collazo 0-0: Ball
1-0: Called Strike
Dave Atkins steals 2nd base
1-1: Foul Ball, location: 2F
1-2: SINGLE (Line Drive, 89M)
Jason Alston scores
Dave Atkins to third
Runner from 3rd tries for Home, SAFE, no throw
Batting: LHB John Hansen 0-0: Called Strike
0-1: Ball
1-1: Swinging Strike
1-2: Ball
Passed Ball!
Ricardo Collazo to second
2-2: Ball
3-2: Base on Balls
Batting: SHB Tom Dickinson 0-0: Ball
1-0: Called Strike
1-1: Ball
2-1: Called Strike
2-2: Strikes out swinging
Batting: LHB Landon Harryman 0-0: Called Strike
0-1: Ball
1-1: Called Strike
1-2: SINGLE (Groundball, 6MD)
Ricardo Collazo to third
John Hansen to second
Runner from 3rd tries for Home, SAFE, no throw
Batting: RHB Juan Martínez 0-0: Called Strike
0-1: Ball
1-1: Ball
2-1: SINGLE (Line Drive, 9LM)
John Hansen to third
Landon Harryman to second
Runner from 3rd tries for Home, SAFE, no throw
Batting: RHB Ed Lastinger 0-0: Ball
1-0: SINGLE (Flyball, 89S)
Landon Harryman to third
Juan Martínez to second
Runner from 3rd tries for Home, SAFE, no throw
Batting: RHB Jason Alston 0-0: Ground out 1-3 (Groundball, 13S)
Top of the 2nd over - 5 runs, 6 hits, 0 errors, 2 left on base; Key West 7 - Tremont 0
BOTTOM OF THE 2ND
Tremont Doubledays batting - Pitching for Key West Coral Reefers : RHP Manuel Sánchez
Batting: RHB Arturo Morales 0-0: Ball
1-0: Ball
2-0: Foul Ball, location: 2F
2-1: Ball
3-1: Swinging Strike
3-2: Base on Balls
Batting: RHB Jesús Quintana 0-0: Fly out, F9 (Flyball, 9)
Batting: RHB Albert Covington 0-0: Swinging Strike
0-1: Ball
1-1: Ball
2-1: Swinging Strike
2-2: Strikes out swinging
Batting: RHB Steve Jones 0-0: Ball
1-0: Ball
2-0: Swinging Strike
2-1: Foul Ball, location: 2F
2-2: Ball
3-2: Strikes out swinging
Bottom of the 2nd over - 0 runs, 0 hits, 0 errors, 1 left on base; Key West 7 - Tremont 0
TOP OF THE 3RD
Key West Coral Reefers batting - Pitching for Tremont Doubledays : RHP Juan Montoya
Batting: RHB Miguel Montoya 0-0: Ball
1-0: Swinging Strike
1-1: Foul Ball, location: 2F
1-2: Ball
2-2: Foul Ball, location: 2F
2-2: Strikes out swinging
Batting: SHB Dave Atkins 0-0: Swinging Strike
0-1: Foul Ball, location: 2F
0-2: Ball
1-2: Strikes out looking
Batting: LHB Ricardo Collazo 0-0: Ball
1-0: Swinging Strike
1-1: Ball
2-1: Ball
3-1: Foul Ball, location: 2F
3-2: DOUBLE (Flyball, 78D)
Batting: LHB John Hansen 0-0: Called Strike
0-1: Ball
Wild Pitch!
Ricardo Collazo to third
1-1: Ball
2-1: Fly out, F9 (Flyball, 9S)
Top of the 3rd over - 0 runs, 1 hit, 0 errors, 1 left on base; Key West 7 - Tremont 0
BOTTOM OF THE 3RD
Tremont Doubledays batting - Pitching for Key West Coral Reefers : RHP Manuel Sánchez
Batting: RHB Jack Davis 0-0: Called Strike
0-1: Swinging Strike
0-2: Strikes out swinging
Batting: RHB Bryant Skelly 0-0: Called Strike
0-1: Foul Ball, location: 2F
0-2: Ball
1-2: Ground out 6-3 (Groundball, 6)
Batting: RHB Menno van de Vlugt 0-0: Called Strike
0-1: Ball
1-1: Ball
2-1: Ball
3-1: Foul Ball, location: 2F
3-2: Base on Balls
Batting: RHB David Pérez 0-0: Ball
1-0: Ball
2-0: Ground out 4-3 (Groundball, 4M)
Bottom of the 3rd over - 0 runs, 0 hits, 0 errors, 1 left on base; Key West 7 - Tremont 0
TOP OF THE 4TH
Key West Coral Reefers batting - Pitching for Tremont Doubledays : RHP Juan Montoya
Batting: SHB Tom Dickinson 0-0: Foul Ball, location: 2F
0-1: Ground out U3 (Groundball, 3L)
Batting: LHB Landon Harryman 0-0: Called Strike
0-1: Foul Ball, location: 2F
0-2: Strikes out looking
Batting: RHB Juan Martínez 0-0: Ball
1-0: Ball
2-0: Called Strike
2-1: Foul Ball, location: 2F
2-2: Strikes out swinging
Top of the 4th over - 0 runs, 0 hits, 0 errors, 0 left on base; Key West 7 - Tremont 0
BOTTOM OF THE 4TH
Tremont Doubledays batting - Pitching for Key West Coral Reefers : RHP Manuel Sánchez
Batting: LHB Cornelius Taitt 0-0: Foul Ball, location: 2F
0-1: Ball
1-1: Swinging Strike
1-2: Ball
2-2: Foul Ball, location: 2F
2-2: Ball
3-2: Base on Balls
Batting: RHB Arturo Morales 0-0: Called Strike
0-1: Ball
1-1: Ball
2-1: Swinging Strike
2-2: Fly out, F6 (Popup, 6M)
Batting: RHB Jesús Quintana 0-0: Ball
1-0: Ball
2-0: Called Strike
2-1: Ball
3-1: Base on Balls
Cornelius Taitt to second
Batting: RHB Albert Covington 0-0: Called Strike
0-1: Hit by Pitch
Cornelius Taitt to third
Jesús Quintana to second
Batting: RHB Steve Jones 0-0: Ball
1-0: Foul Ball, location: 2F
1-1: Swinging Strike
1-2: Ball
2-2: Strikes out swinging
Batting: RHB Jack Davis 0-0: Ball
1-0: Called Strike
1-1: Ball
2-1: Ball
3-1: Base on Balls
Cornelius Taitt scores
Jesús Quintana to third
Albert Covington to second
Batting: RHB Bryant Skelly 0-0: Called Strike
0-1: Ball
Wild Pitch!
Jesús Quintana scores
Albert Covington to third
Jack Davis to second
1-1: Called Strike
1-2: Ground out 6-3 (Groundball, 6)
Bottom of the 4th over - 2 runs, 0 hits, 0 errors, 2 left on base; Key West 7 - Tremont 2
TOP OF THE 5TH
Key West Coral Reefers batting - Pitching for Tremont Doubledays : RHP Juan Montoya
Batting: RHB Ed Lastinger 0-0: Ball
1-0: Ground out 3-1 (Groundball, 34)
Batting: RHB Jason Alston 0-0: Called Strike
0-1: Ball
1-1: Ball
2-1: Foul Ball, location: 2F
2-2: Ball
3-2: Ground out 6-3 (Groundball, 6D)
Batting: RHB Miguel Montoya 0-0: Swinging Strike
0-1: Ball
1-1: Called Strike
1-2: Ball
2-2: Strikes out swinging
Top of the 5th over - 0 runs, 0 hits, 0 errors, 0 left on base; Key West 7 - Tremont 2
BOTTOM OF THE 5TH
Tremont Doubledays batting - Pitching for Key West Coral Reefers : RHP Manuel Sánchez
Batting: RHB Menno van de Vlugt 0-0: Ball
1-0: Ball
2-0: Ball
3-0: Called Strike
3-1: Swinging Strike
3-2: Base on Balls
Batting: RHB David Pérez 0-0: Ball
1-0: Swinging Strike
1-1: Fly out, F7 (Line Drive, 7S)
Pitching: LHP Octávio Fernández
Batting: LHB Cornelius Taitt 0-0: Ball
1-0: Called Strike
1-1: SINGLE (Flyball, 89M)
Menno van de Vlugt to second
Runner from 2nd tries for 3rd, OUT!
Batting: RHB Arturo Morales 0-0: Called Strike
0-1: Ball
1-1: Swinging Strike
1-2: Ball
2-2: Ground out 3-1 (Groundball, 34S)
Bottom of the 5th over - 0 runs, 1 hit, 0 errors, 1 left on base; Key West 7 - Tremont 2
TOP OF THE 6TH
Key West Coral Reefers batting - Pitching for Tremont Doubledays : RHP Juan Montoya
Pitching: RHP Titus Parson
Batting: SHB Dave Atkins 0-0: Called Strike
0-1: Ball
1-1: Called Strike
1-2: Ball
2-2: Ball
3-2: Ground out 4-3 (Groundball, 4)
Batting: LHB Ricardo Collazo 0-0: Ball
1-0: Ball
2-0: Foul Ball, location: 2F
2-1: SINGLE (Groundball, 6S) (infield hit)
Pinch Runner at 1st Lorenzo Rosas:
Batting: LHB John Hansen 0-0: Called Strike
0-1: SINGLE (Groundball, 4MD)
Lorenzo Rosas to second
Batting: SHB Tom Dickinson 0-0: SINGLE (Flyball, 89S)
Lorenzo Rosas to third
John Hansen to second
Batting: LHB Landon Harryman 0-0: Foul Ball, location: 2F
0-1: Swinging Strike
0-2: Ball
1-2: Foul Ball, location: 2F
1-2: Grounds into fielders choice 6-2 (Groundball, 6)
John Hansen to third
Tom Dickinson to second
Batting: RHB Juan Martínez 0-0: Called Strike
0-1: Ball
1-1: Ball
2-1: SINGLE (Groundball, 4MD)
John Hansen scores
Tom Dickinson to third
Landon Harryman to second
Runner from 3rd tries for Home, SAFE, no throw
Batting: RHB Ed Lastinger 0-0: Ball
1-0: Foul Ball, location: 2F
1-1: Called Strike
1-2: Ball
2-2: Fielders Choice at 2nd, 5-4 (Groundball, 5)
Top of the 6th over - 2 runs, 4 hits, 0 errors, 2 left on base; Key West 9 - Tremont 2
BOTTOM OF THE 6TH
Tremont Doubledays batting - Pitching for Key West Coral Reefers : LHP Octávio Fernández
Now at SS: Lorenzo Rosas
Batting: RHB Jesús Quintana 0-0: Foul Ball, location: 2F
0-1: Ball
1-1: Called Strike
1-2: Ball
2-2: Strikes out swinging
Batting: RHB Albert Covington 0-0: Ball
1-0: Fly out, F8 (Flyball, 89M)
Batting: RHB Steve Jones 0-0: Called Strike
0-1: Fly out, F8 (Flyball, 8LD)
Bottom of the 6th over - 0 runs, 0 hits, 0 errors, 0 left on base; Key West 9 - Tremont 2
TOP OF THE 7TH
Key West Coral Reefers batting - Pitching for Tremont Doubledays : RHP Titus Parson
Batting: RHB Jason Alston 0-0: Foul Ball, location: 2F
0-1: Called Strike
0-2: Fly out, F8 (Flyball, 8RD)
Batting: RHB Miguel Montoya 0-0: Ground out 5-3 (Groundball, 56S)
Batting: SHB Dave Atkins 0-0: Ground out 4-3 (Groundball, 4)
Top of the 7th over - 0 runs, 0 hits, 0 errors, 0 left on base; Key West 9 - Tremont 2
BOTTOM OF THE 7TH
Tremont Doubledays batting - Pitching for Key West Coral Reefers : LHP Octávio Fernández
Batting: RHB Jack Davis 0-0: Ball
1-0: Foul Ball, location: 2F
1-1: Swinging Strike
1-2: Strikes out looking
Batting: RHB Bryant Skelly 0-0: Ball
1-0: Swinging Strike
1-1: Called Strike
1-2: Fly out, F7 (Flyball, 7)
Batting: RHB Menno van de Vlugt 0-0: Swinging Strike
0-1: Swinging Strike
0-2: Strikes out swinging
Bottom of the 7th over - 0 runs, 0 hits, 0 errors, 0 left on base; Key West 9 - Tremont 2
TOP OF THE 8TH
Key West Coral Reefers batting - Pitching for Tremont Doubledays : RHP Titus Parson
Batting: RHB Lorenzo Rosas 0-0: Called Strike
0-1: Foul Ball, location: 2F
0-2: SINGLE (Groundball, 5D)
Batting: LHB John Hansen 0-0: Ball
1-0: Called Strike
1-1: Foul Ball, location: 2F
1-2: Foul Ball, location: 2F
1-2: DOUBLE (Flyball, 78XD)
Lorenzo Rosas to third
Batting: SHB Tom Dickinson 0-0: Called Strike
0-1: Called Strike
0-2: Ball
1-2: Foul Ball, location: 2F
1-2: DOUBLE (Flyball, 89D)
Lorenzo Rosas scores
John Hansen scores
Batting: LHB Landon Harryman 0-0: Called Strike
0-1: SINGLE (Flyball, 8RS)
Tom Dickinson to third
Batting: RHB Juan Martínez 0-0: Called Strike
0-1: Ball
1-1: Ball
2-1: Called Strike
2-2: Ball
3-2: Foul Ball, location: 2F
3-2: Foul Ball, location: 2F
3-2: Base on Balls
Landon Harryman to second
Batting: RHB Ed Lastinger 0-0: Ball
1-0: Grounds into double play, 6-4-3 (Groundball, 6)
Tom Dickinson scores
Landon Harryman to third
Batting: RHB Jason Alston 0-0: Foul Ball, location: 2F
0-1: SINGLE (Groundball, 56D)
Landon Harryman scores
Batting: RHB Miguel Montoya 0-0: Called Strike
0-1: Fly out, F6 (Line Drive, 6)
Top of the 8th over - 4 runs, 5 hits, 0 errors, 1 left on base; Key West 13 - Tremont 2
BOTTOM OF THE 8TH
Tremont Doubledays batting - Pitching for Key West Coral Reefers : LHP Octávio Fernández
Batting: RHB David Pérez 0-0: Ball
1-0: Ball
2-0: Fly out, F7 (Flyball, 78D)
Batting: LHB Cornelius Taitt 0-0: Ground out 4-3 (Groundball, 4)
Batting: RHB Arturo Morales 0-0: Called Strike
0-1: Swinging Strike
0-2: Ball
1-2: Foul Ball, location: 2F
1-2: Fly out, F5 (Popup, 5D)
Bottom of the 8th over - 0 runs, 0 hits, 0 errors, 0 left on base; Key West 13 - Tremont 2
TOP OF THE 9TH
Key West Coral Reefers batting - Pitching for Tremont Doubledays : RHP Titus Parson
Pitching: RHP Manuel Pader
Batting: SHB Dave Atkins 0-0: Ball
1-0: Foul Ball, location: 2F
1-1: Foul Ball, location: 2F
1-2: Foul Ball, location: 2F
1-2: Ground out 4-3 (Groundball, 4)
Batting: RHB Lorenzo Rosas 0-0: SINGLE (Groundball, 6MD)
Batting: LHB John Hansen 0-0: Ball
1-0: Foul Ball, location: 2F
1-1: Swinging Strike
1-2: Foul Ball, location: 2F
1-2: SINGLE (Groundball, 4MD)
Lorenzo Rosas to second
Batting: SHB Tom Dickinson 0-0: Foul Ball, location: 2F
0-1: SINGLE (Groundball, 56D)
Lorenzo Rosas to third
John Hansen to second
Batting: LHB Landon Harryman 0-0: Ball
1-0: Foul Ball, location: 2F
1-1: Ball
2-1: Fielders Choice at 2nd, 4-6 (Groundball, 34)
Lorenzo Rosas scores
John Hansen to third
Batting: RHB Juan Martínez 0-0: Ball
1-0: Called Strike
1-1: Ball
2-1: Called Strike
2-2: Ground out 4-3 (Groundball, 4)
Top of the 9th over - 1 run, 3 hits, 0 errors, 2 left on base; Key West 14 - Tremont 2
BOTTOM OF THE 9TH
Tremont Doubledays batting - Pitching for Key West Coral Reefers : LHP Octávio Fernández
Now at C: Jarred Cobb
Batting: RHB Jesús Quintana 0-0: Fly out, F8 (Flyball, 89D)
Batting: RHB Albert Covington 0-0: SINGLE (Groundball, 13) (infield hit)
Batting: RHB Steve Jones 0-0: Called Strike
0-1: Swinging Strike
0-2: Ball
1-2: Strikes out swinging
Batting: RHB Jack Davis 0-0: Foul Ball, location: 2F
0-1: Fly out, F7 (Flyball, 78S)
Bottom of the 9th over - 0 runs, 1 hit, 0 errors, 1 left on base; Key West 14 - Tremont 2
Saturday, December 22nd, 2018 - OOTP Baseball 18.8 Build 76